 Dungeon Crawl Stone Soup version 0.18-b1-22-ge198996 (webtiles) character file.

30 Chiseanne the Magician (level 3, 24/24 HPs)
             Began as a Demonspawn Wizard on May 3, 2016.
             Quit the game on level 2 of the Dungeon.
             The game lasted 00:02:05 (1240 turns).

Chiseanne the Magician (Demonspawn Wizard)          Turns: 1240, Time: 00:02:06

Health: 24/24      AC:  2    Str:  7    XL:     3   Next: 5%
Magic:  4/8        EV: 12    Int: 20    God:
Gold:   58         SH:  0    Dex: 11    Spells: 1 memorised, 8 levels left

rFire  . . .     SeeInvis .     s - +1 short sword (flame)
rCold  + . .     Gourm    .     g - +0 robe
rNeg   . . .     Faith    .     (no shield)
rPois  .         Spirit   .     b - +0 hat
rElec  .         Dismiss  .     (no cloak)
rCorr  .         Reflect  .     (no gloves)
SustAt .         Harm     .     (no boots)
MR     .....                    (no amulet)
Stlth  +.........               (no ring)
                                (no ring)

@: not resistant to hostile enchantments, very unstealthy
A: hooves 1, cold resistance 1
a: no special abilities


You were on level 2 of the Dungeon.
You were not hungry.

You visited 1 branch of the dungeon, and saw 2 of its levels.

You collected 58 gold pieces.

Inventory:

Hand Weapons
 a - a +2 dagger of venom
 s - a +1 short sword of flaming (weapon)
Missiles
 e - 47 stones (quivered)
 k - 14 bolts
 l - 29 arrows
Armour
 b - a +0 hat (worn)
 g - a +0 robe (worn)
Potions
 i - a potion of curing {unknown}
 j - 2 potions of agility {unknown}
Books
 c - a book of Minor Magic

   Spells                             Type                      Level
   a - Magic Dart                     Conjuration                  1
   b - Blink                          Translocation                2
   c - Call Imp                       Summoning                    2
   d - Repel Missiles                 Charms/Air                   2
   e - Slow                           Hexes                        2
   f - Conjure Flame                  Conjuration/Fire             3
   g - Mephitic Cloud                 Conjuration/Poison/Air       3
Comestibles
 d - a bread ration
 h - a beef jerky


   Skills:
 - Level 1.7 Dodging
 - Level 1.7 Stealth
 * Level 3.5 Spellcasting
 * Level 2.2 Conjurations
   Level 1.0 Summonings
   Level 0.8 Translocations


You had 8 spell levels left.
You knew the following spells:

 Your Spells              Type           Power        Failure   Level  Hunger
a - Magic Dart            Conj           ##..         6%          1    None


Dungeon Overview and Level Annotations

Branches:
Dungeon (2/15)

Altars:


Innate Abilities, Weirdness & Mutations

You have large cloven feet.
Your flesh is cold resistant.


Message History

Press: ? - help, Shift-Dir - straight line, f/p - adder
Aim: an adder (heavily wounded)
The magic dart hits the adder.
The adder is almost dead.
The adder barely misses you.
Casting: Magic Dart
Confirm with . or Enter, or press ? or * to list all spells.
Aiming: Magic Dart
Press: ? - help, Shift-Dir - straight line, f/p - adder
Aim: an adder (almost dead)
The magic dart hits the adder.
You kill the adder!
You have reached level 3!
Your experience leads to an increase in your attributes!
Increase (S)trength, (I)ntelligence, or (D)exterity?
You feel clever.
You feel monstrous as your demonic heritage exerts itself.
Your demonic ancestry asserts itself...
Your feet thicken and deform.
Are you sure you want to abandon this character and quit the game? (Confirm with "yes".)

#.?...# #?....# #####
#.....# #.... ####.....#
##.##. ......>. #.....
+######.... ###..###
.........########.#..###
..[...(@...............#
....?...########....####
........# #<.....#
.######.# #.##.### #.#
#.#### #.# #.# #.# ###
#.#


There were no monsters in sight!

Vanquished Creatures
  An adder (D:2)
  2 bats (D:1)
  3 giant cockroaches (D:1)
  6 goblins (D:1)
  2 hobgoblins (D:1)
  A kobold (D:1)
  5 rats (D:1)
20 creatures vanquished.

Notes
Turn   | Place    | Note
--------------------------------------------------------------
     0 | D:1      | Chiseanne the Demonspawn Wizard began the quest for the Orb.
     0 | D:1      | Reached XP level 1. HP: 13/13 MP: 4/4
   352 | D:1      | Gained mutation: Your flesh is cold resistant. [demonic ancestry]
   352 | D:1      | Reached XP level 2. HP: 19/19 MP: 1/6
  1239 | D:2      | Gained mutation: You have large cloven feet. [demonic ancestry]
  1239 | D:2      | Reached XP level 3. HP: 24/24 MP: 4/8
  1240 | D:2      | Quit the game

Skill      XL: |  1  2 |
---------------+-------+-----
Conjurations   | 2 |  2.2
Dodging        | |  1.7
Stealth        | |  1.7
Spellcasting   | |  3.5
Summonings     | |  1.0
Translocations | |  0.8

Action                   || total
-------------------------++-------
Melee: Dagger            ||     4
 Cast: Magic Dart        ||    40
  Use: Scroll            ||     1
 Stab: Sleeping          ||     1
  Eat: Chunk             ||     1
Armor: Robe              ||     3
Dodge: Dodged            ||     4
